 Dungeon Crawl Stone Soup version 0.23.2-1-ga50397a6bc (webtiles) character file.

Game seed: 18202023448982909985

181 BorisKarlOrff the Poker (level 5, -4/47 HPs)
             Began as a Minotaur Chaos Knight on May 31, 2019.
             Was a Plaything of Xom.
             Slain by an ogre
             ... wielding a +0 giant club
              (17 damage)
             ... on level 4 of the Dungeon.
             The game lasted 00:08:53 (2367 turns).

BorisKarlOrff the Poker (Minotaur Chaos Knight)     Turns: 2367, Time: 00:08:53

Health: -4/47      AC: 12    Str: 18    XL:     5   Next: 34%
Magic:  4/4        EV:  8    Int:  9    God:    Xom [..*...]
Gold:   83         SH:  8    Dex: 16    Spells: 4/4 levels left

rFire    + . .     SeeInvis .   a - +0 spear (chaos)
rCold    + . .     Gourm    .   b - +0 shield (curse)
rNeg     . . .     Faith    .   p - +0 plate armour
rPois    +         Spirit   .   (helmet restricted)
rElec    +         Reflect  .   o - +0 cloak (curse)
rCorr    +         Harm     .   (no gloves)
MR       +....     Rnd*Rage +   (no boots)
Stlth    ..........             (no amulet)
HPRegen  0.15/turn              j - ring of resist corrosion
MPRegen  0.09/turn              m - ring of protection from magic

@: agile, resistant, flying
A: retaliatory headbutt, horns 2, thin skeletal structure 1, berserk 1,
MP-powered wands
a: Renounce Religion


You were on level 4 of the Dungeon.
You worshipped Xom.
You were a toy of Xom.
You were full.

You visited 1 branch of the dungeon, and saw 4 of its levels.

You collected 83 gold pieces.

Inventory:

Hand Weapons
 a - a +0 spear of chaos (weapon)
Armour
 b - a cursed +0 shield (worn)
 o - a cursed +0 cloak (worn)
 p - a +0 plate armour (worn)
Jewellery
 j - a ring of resist corrosion (left hand)
 m - a ring of protection from magic (right hand)
Scrolls
 h - a scroll of fog
 q - a scroll of blinking {unknown}
 r - a scroll of remove curse
 s - a scroll of identify
Potions
 d - 2 potions of haste
 e - a potion of ambrosia
 f - a potion of mutation
 g - a potion of invisibility
Comestibles
 c - 5 rations


   Skills:
 + Level 4.6 Fighting
 + Level 5.4 Polearms
 + Level 3.2 Armour
 + Level 2.2 Dodging
 + Level 0.8 Stealth
 + Level 1.2 Shields


You had 4 spell levels left.
You didn't know any spells.
Your spell library contained the following spells:

 Spells                   Type           Power        Failure   Level  Hunger
 Beastly Appendage        Tmut           #.....       100%        1    ##.....
 Sticks to Snakes         Tmut           #.......     100%        2    ###....
 Spider Form              Tmut/Pois      #.........   100%        3    ####...
 Ice Form                 Ice/Tmut       #.......     100%        4    #####..
 Blade Hands              Tmut           #.........   100%        5    ######.


Dungeon Overview and Level Annotations

Branches:
Dungeon (4/15)
 Temple: D:4-7

Altars:
Elyvilon
Fedhas
Gozag
Makhleb
Vehumet

Annotations:
D:4 Sigmund


Innate Abilities, Weirdness & Mutations

You reflexively headbutt those who attack you in melee.
You have a pair of horns on your head.
You have a somewhat thin skeletal structure. (Dex +2, Stealth)
You tend to lose your temper in combat.
You expend magic power (3 MP) to strengthen your wands.


Message History

You feel very buoyant.
You fly up into the air.
Sigmund hits you from afar with a +3 scythe of venom.
* * * LOW HITPOINT WARNING * * *
The ogre hits you with a +0 giant club.
* * * LOW HITPOINT WARNING * * *
It was a potion of agility.
You feel agile all of a sudden.
Xom roars with laughter!
Sigmund mumbles some strange words.
Sigmund flickers and vanishes!
Deactivating autopickup; reactivate with Ctrl-A.
The orc wizard barely misses you.
It was a potion of resistance.
You feel protected. The ogre closely misses you.
Something hits you but does no damage. You block the orc wizard's attack.
You feel better. The ogre hits you with a +0 giant club!
You die...
Xom guffaws!

# #
#.#.###.#####
#...o@Os.....
###{####.....
# ... .


You could see an ogre, an orc wizard and a giant cockroach.

Vanquished Creatures
  An orc priest (D:3)
  An orc wizard (D:3)
  2 adders
  An ooze (D:2)
  2 worms (D:2)
  2 dart slugs
  3 leopard geckos
  6 orcs (D:3)
  4 giant cockroaches
  11 goblins
  8 hobgoblins
  4 jackals (D:3)
  10 kobolds
  A quokka (D:2)
  12 bats
  A frilled lizard (D:3)
  A leopard gecko skeleton (D:3)
  11 rats
81 creatures vanquished.

Notes
Turn   | Place    | Note
-------+----------+-------------------------------------------
     0 | D:1      | BorisKarlOrff the Minotaur Chaos Knight began the quest for
                  | the Orb.
     0 | D:1      | Reached XP level 1. HP: 19/19 MP: 0/0
     1 | D:1      | XOM: harmless Necr miscast
   120 | D:1      | XOM: divination: detect items
   160 | D:1      | Reached skill level 4 in Polearms
   160 | D:1      | Reached XP level 2. HP: 26/27 MP: 1/1
   344 | D:1      | Reached XP level 3. HP: 28/33 MP: 2/2
   453 | D:1      | XOM: divination: magic mapping
   652 | D:1      | XOM: divination: magic mapping
  1035 | D:2      | Reached skill level 5 in Polearms
  1247 | D:2      | XOM: silly message
  1288 | D:2      | Found a blossoming altar of Fedhas.
  1353 | D:2      | XOM: silly message
  1398 | D:2      | Found a radiant altar of Vehumet.
  1398 | D:2      | Found an opulent altar of Gozag.
  1410 | D:2      | XOM: mild Ice miscast
  1430 | D:2      | Found a white marble altar of Elyvilon.
  1441 | D:2      | Reached XP level 4. HP: 41/41 MP: 3/3
  1705 | D:3      | HP: 1/41 [jackal (3)]
  1707 | D:3      | XOM: silly message
  1721 | D:3      | Gained mutation: You expend magic power (3 MP) to
                  | strengthen your wands. [potion of mutation]
  1721 | D:3      | Gained mutation: You tend to lose your temper in combat.
                  | [potion of mutation]
  1721 | D:3      | Gained mutation: You have a somewhat thin skeletal
                  | structure. (Dex +2, Stealth) [potion of mutation]
  1724 | D:3      | XOM: divination: detect items
  2030 | D:3      | Reached skill level 1 in Shields
  2064 | D:3      | XOM: mild Necr miscast
  2070 | D:3      | Reached XP level 5. HP: 36/47 MP: 4/4
  2201 | D:3      | XOM: harmless Necr miscast
  2235 | D:3      | Found a burning altar of Makhleb.
  2348 | D:3      | XOM: harmless Hex miscast
  2358 | D:4      | Noticed an ogre
  2360 | D:4      | Noticed Sigmund
  2367 | D:4      | Slain by an ogre

Skill      XL: |  1  2  3  4 |
---------------+-------------+-----
Polearms       | 4 5 |  5.4
Fighting       | 4 |  4.6
Dodging        | 2 |  2.2
Armour         | 3 |  3.2
Shields        | 1 |  1.2
Stealth        | |  0.8

Action                   |  1- 3 |  4- 6 || total
-------------------------+-------+-------++-------
Melee: Spear             |   110 |    87 ||   197
       Headbutt          |    11 |    15 ||    26
  Use: Scroll            |     4 |       ||     4
       Potion            |       |    10 ||    10
 Stab: Petrifying        |     1 |     2 ||     3
       Invisible         |       |     3 ||     3
  Eat: Ration            |     1 |     2 ||     3
Armor: Leather armour    |    17 |       ||    17
       Ring mail         |    21 |    35 ||    56
       Plate armour      |       |    21 ||    21
       Skin              |       |     6 ||     6
Dodge: Dodged            |    45 |    42 ||    87
Block: Shield            |     8 |    41 ||    49
